 Dungeon Crawl Stone Soup version 0.23.1 (webtiles) character file.

Game seed: 5470936404072063128

363 Fang the Skirmisher (level 6, -7/60 HPs)
             Began as a Gargoyle Berserker on Mar 11, 2019.
             Was a Believer of Trog.
             Mangled by a gnoll
             ... wielding a cursed -3 halberd
              (9 damage)
             ... on level 3 of the Dungeon.
             The game lasted 00:03:14 (2639 turns).

Fang the Skirmisher (Gargoyle Berserker)            Turns: 2639, Time: 00:03:15

Health: -7/60      AC:  6    Str: 27    XL:     6   Next: 67%
Magic:  6/6        EV: 12    Int:  8    God:    Trog [**....]
Gold:   207        SH:  0    Dex:  9    Spells: 5/5 levels left

rFire    . . .     SeeInvis .   a - +0 hand axe
rCold    . . .     Gourm    .   (no shield)
rNeg     + . .     Faith    .   b - +0 animal skin
rPois    ∞         Spirit   .   (no helmet)
rElec    +         Reflect  .   (no cloak)
rCorr    .         Harm     .   (no gloves)
MR       .....                  (no boots)
Stlth    ..........             (no amulet)
HPRegen  0.20/turn              (no ring)
MPRegen  0.10/turn              (no ring)

@: berserking (expiring), very quick
A: negative energy resistance 1, electricity resistance, unbreathing,
petrification resistance, rot immunity, AC +4
a: Berserk, Trog's Hand, Renounce Religion


You were on level 3 of the Dungeon.
You worshipped Trog.
Trog was pleased with you.
You were very hungry.

You visited 1 branch of the dungeon, and saw 3 of its levels.

You collected 207 gold pieces.

Inventory:

Hand Weapons
 a - a +0 hand axe (weapon)
Armour
 b - a +0 animal skin (worn)
Wands
 p - a wand of iceblast (2)
Scrolls
 d - 4 scrolls of teleportation {unknown}
 e - 3 scrolls of identify {unknown}
 f - a scroll of amnesia {unknown}
 k - a scroll of noise {unknown}
 l - 2 scrolls of fear {unknown}
 m - a scroll of blinking {unknown}
Potions
 g - a potion of degeneration {unknown}
 h - a potion of heal wounds
 i - a potion of resistance {unknown}
 j - a potion of haste {unknown}
 n - a potion of lignification {unknown}
Comestibles
 c - 8 rations


   Skills:
 + Level 4.8 Fighting
 + Level 4.0 Axes
 + Level 4.2 Armour
 + Level 3.0 Dodging


You had 5 spell levels left.
You didn't know any spells.
Your spell library was empty.

Dungeon Overview and Level Annotations

Branches:
Dungeon (3/15)

Altars:
Gozag
Trog
Xom
Yredelemnul


Innate Abilities, Weirdness & Mutations

You are resistant to torment.
Your stone body is resilient. (AC +4)
You are immune to poison.
You resist negative energy. (rN+)
You are resistant to electric shocks. (rElec)
You can survive without breathing.
You are immune to petrification.
You are immune to rotting.


Message History

The gnoll closely misses you.
You closely miss the gnoll.
The gnoll hits you from afar with a cursed -3 halberd!
* * * LOW HITPOINT WARNING * * *
You closely miss the gnoll. The gnoll barely misses you.
You closely miss the gnoll. The gnoll completely misses you.
The gnoll barely misses you.
You slash the gnoll!
The gnoll is heavily wounded.
The gnoll completely misses you. The gnoll hits you with a +0 spear.
* * * LOW HITPOINT WARNING * * *
You slash the gnoll!
You kill the gnoll!
Trog accepts your kill.
You slash the gnoll! The gnoll hits you with a +0 whip.
* * * LOW HITPOINT WARNING * * *
A gnoll comes into view. It is wielding a +0 whip.
The gnoll shouts!
The gnoll hits you with a cursed -3 halberd!
You die...

≈≈≈≈≈....≈≈≈≈≈≈≈≈≈≈
≈≈≈≈≈....≈≈≈≈≈≈≈≈≈≈
...................
#####''''##########
#....#.....^.#
#....#.......#
+...)).......#
############)#
#....O@.#
g.....gg.#
.........#
.#...?....
########.. .g $.. #
####


You could see an ogre, a gnoll shaman and 3 gnolls.

Vanquished Creatures
  Sigmund (D:3)
  An orc wizard (D:3)
  10 gnolls
  An adder (D:2)
  An ooze (D:2)
  A worm (D:2)
  5 dart slugs
  A leopard gecko (D:2)
  5 orcs (D:3)
  4 giant cockroaches (D:2)
  3 goblins
  4 hobgoblins
  4 jackals (D:3)
  7 kobolds
  7 bats
  8 frilled lizards
  8 rats
71 creatures vanquished.

Notes
Turn   | Place    | Note
-------+----------+-------------------------------------------
     0 | D:1      | Fang the Gargoyle Berserker began the quest for the Orb.
     0 | D:1      | Reached XP level 1. HP: 14/14 MP: 1/1
   495 | D:1      | Reached XP level 2. HP: 19/19 MP: 2/2
   904 | D:2      | Reached XP level 3. HP: 15/23 MP: 3/3
   909 | D:2      | Reached ** piety under Trog
  1011 | D:2      | Found a shimmering altar of Xom.
  1110 | D:2      | Found a bloodstained altar of Trog.
  1240 | D:2      | Found a basalt altar of Yredelemnul.
  1346 | D:2      | Reached XP level 4. HP: 21/29 MP: 4/4
  1646 | D:2      | Found an opulent altar of Gozag.
  2178 | D:3      | Reached XP level 5. HP: 22/33 MP: 5/5
  2265 | D:3      | Found an opulent altar of Gozag.
  2324 | D:3      | Noticed Sigmund
  2347 | D:3      | HP: 1/34 [something/magic dart (4)]
  2368 | D:3      | HP: 1/34 [Sigmund/+0 scythe (6)]
  2372 | D:3      | Killed Sigmund
  2372 | D:3      | Reached XP level 6. HP: 5/39 MP: 6/6
  2638 | D:3      | HP: 2/60 [gnoll/+0 whip (6)]
  2639 | D:3      | Mangled by a gnoll

Skill      XL: |  1  2  3  4  5 |
---------------+----------------+-----
Axes           | 3 4 |  4.0
Dodging        | 2 3 |  3.0
Armour         | 3 4 |  4.2
Fighting       | 4 |  4.8

Action                   |  1- 3 |  4- 6 || total
-------------------------+-------+-------++-------
Melee: Hand axe          |   124 |   104 ||   228
Invok: Berserk           |     1 |     4 ||     5
       Trog's Hand       |       |     2 ||     2
  Use: Potion            |       |     1 ||     1
 Stab: Sleeping          |       |     1 ||     1
  Eat: Chunk             |     2 |     8 ||    10
Armor: Animal skin       |    75 |    23 ||    98
Dodge: Dodged            |   116 |    66 ||   182
